 Dungeon Crawl Stone Soup version 0.32-a0-666-ge8a88695a4 (webtiles) character file.

Game seed: 5535261090314376145

3 Malificent the Chopper (level 1, 14/16 HPs)
             Began as a Coglin Reaver on Mar 10, 2024.
             Quit the game on level 1 of the Dungeon.
             The game lasted 00:00:24 (75 turns).

Malificent the Chopper (Coglin Reaver)                Turns: 75, Time: 00:00:24

Health: 14/16      AC:  3    Str: 12    XL:     1   Next: 50%
Magic:  3/3        EV: 11    Int: 12    God:
Gold:   17         SH:  0    Dex: 12    Spells: 2/3 levels left

rFire   . . .        a - +0 hand axe {Anneliese}
rCold   . . .        c - +0 dagger {Hidetaka}
rNeg    . . .        b - +0 leather armour
rPois   .            (no helmet)
rElec   .            (no cloak)
rCorr   .            (no gloves)
SInv    .            (no boots)
Will    .....        (amulet unavailable)
Stlth   +            (ring unavailable)
HPRegen 0.22/turn    (ring unavailable)
MPRegen 0.08/turn    (no gizmo)

%: no passive effects
@: revving
A: off-hand wielding, slow wielding, warmup strikes, no jewellery
a: Invent Gizmo


You were on level 1 of the Dungeon.
You visited 1 branch of the dungeon, and saw 1 of its levels.

You collected 17 gold pieces.

Inventory:

Hand Weapons
 a - a +0 hand axe (weapon) {Anneliese}
 c - a +0 dagger (offhand) {Hidetaka}
Armour
 b - a +0 leather armour (worn)
Scrolls
 d - a scroll of identify {unknown}
 e - a scroll of enchant armour {unknown}
Potions
 f - a potion of curing {unknown}


   Skills:
 + Level 2.0 Fighting
 + Level 3.0 Axes
 + Level 1.7 Dodging
 + Level 1.7 Spellcasting
 + Level 2.9 Conjurations


You had 2 spell levels left.
You knew the following spells:

 Your Spells              Type           Power      Damage    Failure   Level
a - Kiss of Death         Conj/Necr      16%        2d6       21%         1

Your spell library contained the following spells:

 Spells                   Type           Power      Damage    Failure   Level
 Momentum Strike          Conj/Tloc      8%         3d8       30%         2
 Hailstorm                Conj/Ice       4%         3d5       52%         3


Dungeon Overview and Level Annotations

Branches:
Dungeon (1/15)

Altars:


Innate Abilities, Weirdness & Mutations

You can wield a second weapon in your off-hand.
It takes a long time for you to wield or remove held weapons.
Your first few attacks do less damage.
You cannot equip rings or amulets.


Message History

d - a scroll labelled BIOGAS HUATI You open the door.
There is an open door here.
An endoplasm comes into view.
Found a scroll labelled TOUGIA KUALUA.
Found 17 gold pieces.
You see here a scroll labelled TOUGIA KUALUA.
e - a scroll labelled TOUGIA KUALUA The endoplasm closely misses you.
You hit the endoplasm with your +0 dagger.
The endoplasm is heavily wounded.
You hit the endoplasm with your +0 hand axe.
The endoplasm completely misses you.
You hit the endoplasm with your +0 dagger.
You kill the endoplasm!
You now have 17 gold pieces.
f - a fuming amethyst potion
Found a robe.
A frilled lizard, an endoplasm and a ball python come into view.
The ball python hisses angrily.
The frilled lizard hisses angrily.
The endoplasm quivers.
A frilled lizard comes into view.
The frilled lizard hisses angrily.
The ball python misses you.
You barely miss the ball python with your +0 hand axe.
You barely miss the ball python with your +0 dagger.
The ball python closely misses you. The ball python completely misses you.
You closely miss the ball python with your +0 dagger.
You hit the ball python with your +0 hand axe.
You barely miss the frilled lizard with your +0 hand axe.
The ball python barely misses you. The frilled lizard bites you.
You hit the frilled lizard with your +0 hand axe.
You kill the frilled lizard!
You hit the ball python with your +0 hand axe.
You kill the ball python!
The endoplasm attacks as it pursues you!
The endoplasm hits you but does no damage.
There are monsters nearby!
Unknown command.
Are you sure you want to abandon this character and quit the game? (Confirm with "yes".)

.#.. .... ... ...#
#...... # #.....#
#.#..#.. #. ..... #.
#.l# ##.## #.@#
#...# #†J#
###...######..#.###
#...[............J..
#...................
#........####.###.#.
######....#.# #.# #
..........#.# #.#
########..#.# #.#


You could see an endoplasm and a frilled lizard.

Vanquished Creatures
  A ball python (D:1)
  An endoplasm (D:1)
  A frilled lizard (D:1)
3 creatures vanquished.

Notes
Turn   | Place    | Note
-------+----------+-------------------------------------------
     0 | D:1      | Malificent the Coglin Reaver began the quest for the Orb.
     0 | D:1      | Reached XP level 1. HP: 16/16 MP: 3/3
    75 | D:1      | Quit the game

Illustrated notes

Levels and vault maps discovered:
D:1:      shiori_shiawase, layout_loops_ring

Action                     || total
---------------------------++-------
  Melee: Dagger            ||     4
         Hand axe          ||     4
 Armour: Leather armour    ||     2
  Dodge: Dodged            ||     6

Table legend: (Time is in decaauts)
 A = Elapsed time spent in this place.
 B = Non-inter-level travel time spent in this place.
 C = Inter-level travel time spent in this place.
 D = Time resting spent in this place.
 E = Time spent auto-exploring this place.
 F = Levels seen in this place.
 G = Mean time per level.
                   A        B        C        D        E       F      G
               +--------+--------+--------+--------+--------+-----+--------+
         Total |     75 |     75 |      0 |      0 |     48 |   1 |   75.0 |
       Dungeon |     75 |     75 |      0 |      0 |     48 |   1 |   75.0 |
               +--------+--------+--------+--------+--------+-----+--------+

Top non-repeatable levels by time:
     D:1: 75 daAuts
